 Dungeon Sprint DCSS version bcrawl-1.12-5-g74a5124548 (webtiles) character file.

Game seed: 15206763042819465640

4512 Kobolds4U the Imperceptible (level 10, -6/53 HPs)
             Began as a Spriggan Rogue on May 31, 2019.
             Was an Elder of Okawaru.
             Killed by an exploding ballistomycete spore (41 damage)
             ... in the Dungeon (Sprint I: "Red Sonja").
             The game lasted 00:04:25 (476 turns).

Kobolds4U the Imperceptible (Spriggan Rogue)         Turns: 476, Time: 00:04:26

Health: -6/53      AC:  3    Str:  7    XL:     10   Next: 16%
Magic:  20/20      EV: 33    Int: 13    God:    Okawaru [****..]
Gold:   878        SH:  0    Dex: 21    Spells: 9/9 levels left

rFire    . . .     SeeInvis +   a - +2 dagger (elec)
rCold    . . .     Gourm    .   (shield restricted)
rNeg     . . .     Faith    .   c - +0 robe
rPois    .         Spirit   .   (helmet restricted)
rElec    .         Reflect  .   d - +0 cloak
rCorr    .         Harm     .   (gloves unavailable)
MR       +....     NoTele   +   (boots unavailable)
Stlth    +++.......             (no amulet)
HPRegen  0.17/turn              (no ring)
MPRegen  0.17/turn              (no ring)

@: confused, very quick
A: very small, unfitting armour, see invisible, herbivore, speed 3, slow
metabolism 2
a: Heroism, Renounce Religion


You were in the Dungeon.
You worshipped Okawaru.
Okawaru was greatly pleased with you.
You were not hungry.

You visited 1 branch You collected 878 gold pieces.

Inventory:

Hand Weapons
 a - a +2 dagger of electrocution (weapon)
 b - a +0 blowgun
 i - a +1 dagger of venom
Missiles
 e - 80 poisoned needles
 m - 383 arrows
 q - 17 curare-tipped needles {!f}
Armour
 c - a +0 robe (worn)
 d - a +0 cloak (worn)
 n - a +0 troll leather armour
Wands
 f - a wand of flame (15)
 g - a wand of enslavement (15)
 o - a wand of polymorph (7)
Scrolls
 p - 3 scrolls of identify {unknown}
Potions
 j - a potion of heal wounds
 k - a potion of haste
 l - 2 potions of magic
Comestibles
 h - 2 rations {!d}


   Skills:
 - Level 6.1 Fighting
 - Level 2.4 Short Blades
 - Level 2.0 Throwing
 * Level 15.2 Dodging
 + Level 22.4 Stealth
 - Level 12.1 Invocations
 - Level 2.6 Evocations


You had 9 spell levels left.
You didn't know any spells.
Your spell library was empty.

Dungeon Overview and Level Annotations

Branches:
Dungeon (1/1)

Altars:
Cheibriados
Dithmenos
Elyvilon
Fedhas
Gozag
Hepliaklqana
Kikubaaqudgha
Lugonu
Makhleb
Nemelex Xobeh
Okawaru
Qazlal
Ru
Sif Muna
Trog
Uskayaw
Vehumet
Wu Jian
Xom
Yredelemnul
Zin
The Shining One
Jiyva

Shops:
D %[[

Annotations:
D exclusion: 4 doors


Innate Abilities, Weirdness & Mutations

You are very small and have problems with some larger weapons.
You are too small for most types of armour.
You have supernaturally acute eyesight. (SInv)
You are a herbivore.
You cover ground extremely quickly.
You need to consume almost no food.


Message History

Press: ? - help, v - describe, . - travel A huge closed gate.
Reduced exclusion size to a single square.
There is an open door here.
You open the door. 2 ballistomycete spores come into view.
Found four items.
Found 54 gold pieces.
There is an open door here.
The helpless ballistomycete spore fails to defend itself.
You stick the ballistomycete spore like a pincushion!!!!
The ballistomycete spore explodes!
A fungus suddenly grows.
The explosion of spores engulfs you!
You are confused.
The explosion of spores engulfs the ballistomycete spore.
The ballistomycete spore explodes!
A fungus suddenly grows.
The explosion of spores engulfs you!
You are more confused.
Ouch! That really hurt!
You die...

#..#_____##'#_.'§§≈§§'§†#
#⌠⌠#_.∩..÷'..._#§§§§§#..#
####_..__##_.#'##§#####'###
#_____###+#.#§[..###.'.#
############.####'###.###.#
#∩........'...'..†..'.∩##.#
###++++####.).###########.#
##.## #§# #@# +§# #$!PP$#
#†# #$:$/$# #§# ####### +§#
###


There were no monsters in sight!

Vanquished Creatures
  2 centaur warriors (D)
  Sonja (D)
  A deep troll (D)
  An oklob plant (D)
  2 kobold demonologists (D)
  A hornet (D)
  A slime creature (D)
  Sigmund (D)
  2 redbacks (D)
  A yak (D)
  A floating eye (D)
  An ogre (D)
  A jelly (D)
  Ijyb (D)
17 creatures vanquished.

Notes
Turn   | Place    | Note
-------+----------+-------------------------------------------
     0 | D        | Kobolds4U the Spriggan Rogue began the quest for the Orb.
     0 | D        | Reached XP level 1. HP: 9/9 MP: 3/3
     1 | D        | Noticed Ijyb
     4 | D        | Killed Ijyb
     4 | D        | Reached skill level 10 in Stealth
     4 | D        | Reached XP level 2. HP: 13/13 MP: 5/5
    10 | D        | Noticed an ogre
    13 | D        | Killed an ogre
    13 | D        | Reached skill level 14 in Stealth
    13 | D        | Reached XP level 3. HP: 16/16 MP: 6/6
    13 | D        | Reached XP level 4. HP: 21/21 MP: 7/7
    22 | D        | Noticed Sigmund
    25 | D        | Killed Sigmund
    25 | D        | Reached skill level 18 in Stealth
    25 | D        | Reached XP level 5. HP: 24/24 MP: 8/8
    37 | D        | Found a burning altar of Makhleb.
    37 | D        | Found a viscous altar of Jiyva.
    37 | D        | Found a shimmering altar of Xom.
    37 | D        | Found a corrupted altar of Lugonu.
    37 | D        | Noticed a slime creature
    40 | D        | Killed a slime creature
    40 | D        | Reached skill level 20 in Stealth
    40 | D        | Reached XP level 6. HP: 28/28 MP: 9/9
    42 | D        | Found an ornate altar of the Wu Jian Council.
    42 | D        | Found a deep blue altar of Sif Muna.
    44 | D        | Found a radiant altar of Vehumet.
    48 | D        | Reached skill level 21 in Stealth
    70 | D        | Found Mocuvami's Antique Armour Emporium.
    70 | D        | Found an ancient bone altar of Kikubaaqudgha.
    70 | D        | Found a hazy altar of Hepliaklqana.
    70 | D        | Found a hide-covered altar of Uskayaw.
    70 | D        | Found a basalt altar of Yredelemnul.
    70 | D        | Found an opulent altar of Gozag.
    70 | D        | Found a snail-covered altar of Cheibriados.
    70 | D        | Found a sacrificial altar of Ru.
    70 | D        | Found a shadowy altar of Dithmenos.
    70 | D        | Noticed a yak
    71 | D        | Found a stormy altar of Qazlal.
    71 | D        | Found a blossoming altar of Fedhas.
    71 | D        | Found a bloodstained altar of Trog.
    71 | D        | Found an iron altar of Okawaru.
    71 | D        | Found a glowing golden altar of the Shining One.
    71 | D        | Found a glowing silver altar of Zin.
    71 | D        | Found a white marble altar of Elyvilon.
    72 | D        | Killed a yak
    72 | D        | Reached XP level 7. HP: 32/32 MP: 10/10
    73 | D        | Found a sparkling altar of Nemelex Xobeh.
    78 | D        | Became a worshipper of Warmaster Okawaru
   103 | D        | Noticed a kobold demonologist
   104 | D        | Noticed a kobold demonologist
   114 | D        | Noticed a hellwing
   116 | D        | Noticed a soul eater
   119 | D        | Noticed a sun demon
   121 | D        | Killed a kobold demonologist
   135 | D        | Killed a kobold demonologist
   135 | D        | Reached * piety under Okawaru
   135 | D        | Reached XP level 8. HP: 21/36 MP: 11/14
   311 | D        | Noticed a centaur warrior
   311 | D        | Noticed a centaur warrior
   331 | D        | Killed a centaur warrior
   331 | D        | Reached skill level 10 in Dodging
   331 | D        | Reached skill level 10 in Invocations
   332 | D        | Killed a centaur warrior
   332 | D        | Reached ** piety under Okawaru
   332 | D        | Reached XP level 9. HP: 39/39 MP: 14/18
   349 | D        | Reached skill level 1 in Fighting
   352 | D        | Noticed an oklob plant
   354 | D        | Killed an oklob plant
   396 | D        | Noticed a deep troll
   398 | D        | Killed a deep troll
   398 | D        | Reached *** piety under Okawaru
   398 | D        | Reached skill level 5 in Fighting
   398 | D        | Reached skill level 22 in Stealth
   398 | D        | Reached XP level 10. HP: 51/51 MP: 20/20
   411 | D        | Found Eqyomeul's Armour Emporium.
   435 | D        | Noticed Sonja
   438 | D        | Killed Sonja
   438 | D        | Reached **** piety under Okawaru
   438 | D        | Reached skill level 15 in Dodging
   455 | D        | Found Imiaf's Food Boutique.
   476 | D        | Killed by an exploding ballistomycete spore

Skill      XL: |  1  2  3  4  5  6  7  8  9 10 |
---------------+-------------------------------+-----
Stealth        | 10 14 18 20 21 22 | 22.4
Dodging        | 7 11 14 15 | 15.2
Invocations    | 7 11 12 | 12.1
Fighting       | 5 6 |  6.1
Short Blades   | |  2.4
Throwing       | |  2.0
Evocations     | |  2.6

Action                   |  1- 3 |  4- 6 |  7- 9 | 10-12 || total
-------------------------+-------+-------+-------+-------++-------
Melee: Dagger            |     2 |     4 |    27 |     2 ||    35
  Use: Potion            |       |       |     2 |       ||     2
       Scroll            |       |       |     1 |       ||     1
 Stab: Sleeping          |     2 |     4 |     7 |     2 ||    15
Armor: Robe              |       |       |     1 |       ||     1
Dodge: Dodged            |       |       |    11 |       ||    11
